 Dungeon Crawl Stone Soup version 0.28.0-53-g5a82cb258f (webtiles) character file.

Game seed: 8971460385722906144

90 purpskrrrp the Cutter (level 4, -3/35 HPs)
             Began as a Draconian Wanderer on June 23, 2022.
             Slain by Sigmund
             ... wielding a +0 scythe
              (8 damage)
             ... on level 3 of the Dungeon.
             The game lasted 00:08:39 (2558 turns).

purpskrrrp the Cutter (Draconian Wanderer)          Turns: 2558, Time: 00:08:40

Health: -3/35      AC:  5    Str: 19    XL:     4   Next: 32%
Magic:  4/4        EV: 11    Int: 10    God:
Gold:   79         SH:  0    Dex: 12    Spells: 3/3 levels left

rFire   . . .      SeeInvis .   e - +3 rapier (speed)
rCold   . . .      Faith    .   (no shield)
rNeg    . . .      Spirit   .   (armour unavailable)
rPois   .          Reflect  .   (helmet restricted)
rElec   .          Harm     .   (no cloak)
rCorr   .          Rampage  .   (no gloves)
Will    .....      Clarity  +   (no boots)
Stlth   +.........              (no amulet)
HPRegen 0.11/turn               (no ring)
MPRegen 0.09/turn               (no ring)

@: no status effects
A: AC +5, unfitting armour, cold-blooded, agile 1, clarity
a: no special abilities


You were on level 3 of the Dungeon.
You visited 1 branch of the dungeon, and saw 3 of its levels.

You collected 79 gold pieces.

Inventory:

Hand Weapons
 a - a +3 short sword
 d - a +3 dagger of draining
 e - a +3 rapier of speed (weapon)
Armour
 k - a +0 plate armour
Magical Staves
 h - a staff of death
 l - a staff of cold
Wands
 b - a wand of polymorph (6) (quivered)
Potions
 c - a potion of curing
 f - a potion of berserk rage
 i - a potion of resistance
 j - a potion of brilliance
 m - a potion of flight {unknown}
 n - a potion of haste {unknown}


   Skills:
 + Level 1.6 Fighting
 + Level 6.1 Short Blades
 + Level 1.0 Dodging
 + Level 0.9 Stealth
 + Level 4.1 Evocations


You had 3 spell levels left.
You didn't know any spells.
Your spell library was empty.

Dungeon Overview and Level Annotations

Branches:
Dungeon (3/15)

Altars:

Annotations:
D:3 Sigmund


Innate Abilities, Weirdness & Mutations

Your plain brown scales are hard. (AC +5)
You cannot fit into any form of body armour.
You are cold-blooded and may be slowed by cold attacks.
You are agile. (Dex +2)
You possess an exceptional clarity of mind.


Message History

The worm is lightly wounded.
The worm closely misses you.
You hit the worm.
The worm is lightly wounded.
You hit the worm. You tail-slap the worm.
The worm is almost dead.
You hit the worm.
You kill the worm!
Your Dodging skill increases to level 1!
You see here a worm corpse.
Found a pair of boots.
Found a stone staircase leading down.
Sigmund the Dreaded comes into view.
He is wielding a +0 scythe.
Sigmund shouts!
Sigmund points at you and mumbles some strange words.
You feel momentarily confused.
Sigmund hits you from afar with a +0 scythe.
Sigmund hits you with a +0 scythe!
You barely miss Sigmund. You tail-slap Sigmund.
Sigmund is moderately wounded.
You closely miss Sigmund.
Your tail-slap misses Sigmund.
Sigmund is moderately wounded.
You hit Sigmund.
Sigmund is moderately wounded.
Sigmund gestures at you while chanting. The puff of flame hits you.
You hit Sigmund.
Sigmund is heavily wounded.
Sigmund gestures wildly while chanting.
Sigmund flickers and vanishes!
Deactivating autopickup; reactivate with Ctrl-A.
You barely miss something.
Your tail-slap misses something.
You closely miss something. Something hits you.
You closely miss something. You closely miss something. You miss something.
Something hits you!
* * * LOW HITPOINT WARNING * * *
You closely miss something. You completely miss something.
You tail-slap something. Something hits you!
You die...

..# ##.####
..#
#....#.#
..#
#....#.#
###
#....#.#
##..##.#
##.##.#
#..#.#
##.#{#
#.#@#######
#.#........
#...#######
##..# #..#
#..# #.[#
##.# #.#


There were no monsters in sight!

Vanquished Creatures
  2 adders (D:2)
  4 worms
  5 dart slugs
  3 bats (D:2)
  8 endoplasms
  2 giant cockroaches
  3 goblins
  2 hobgoblins
  3 quokkas
  6 ball pythons
  4 kobolds
  7 rats
  A spectral kobold (D:1)
50 creatures vanquished.

Notes
Turn   | Place    | Note
-------+----------+-------------------------------------------
     0 | D:1      | purpskrrrp the Draconian Wanderer began the quest for the
                  | Orb.
     0 | D:1      | purpskrrrp set off with the following items: a +3 short
                  | sword, a wand of polymorph (6)
     0 | D:1      | Reached XP level 1. HP: 16/16 MP: 1/1
   175 | D:1      | Reached XP level 2. HP: 19/23 MP: 2/2
   604 | D:1      | Found a faded altar of an unknown god.
   893 | D:1      | Identified a scroll of acquirement
   893 | D:1      | Acquired a +2 rapier of speed
  1212 | D:2      | Reached XP level 3. HP: 21/28 MP: 3/3
  1818 | D:2      | Reached XP level 4. HP: 27/35 MP: 4/4
  1907 | D:2      | Reached skill level 6 in Short Blades
  2084 | D:2      | Gained mutation: You possess an exceptional clarity of
                  | mind. [potion of mutation]
  2084 | D:2      | Gained mutation: You are agile. (Dex +2) [potion of
                  | mutation]
  2524 | D:3      | Reached skill level 1 in Dodging
  2545 | D:3      | Noticed Sigmund
  2558 | D:3      | Slain by Sigmund

Illustrated notes

Levels and vault maps discovered:
D:1:      wander_arrival_peaceful_grave, layout_basic,
          dreamdust_ecumenical_altar_drowned_temple
D:2:      minmay_inner_zag, layout_loops_cross, minivault_11,
          hangedman_decor_push
D:3:      layout_basic, uniq_jessica, uniq_sigmund, uniq_crazy_yiuf_cottage

Skill      XL: |  1  2  3  4 |
---------------+-------------+-----
Short Blades   | 6 |  6.1
Dodging        | 1 |  1.0
Fighting       | |  1.6
Stealth        | |  0.9
Evocations     | |  4.1

Action                   |  1- 3 |  4- 6 || total
-------------------------+-------+-------++-------
Melee: Short sword       |    17 |       ||    17
       Tailslap          |     9 |     3 ||    12
       Dagger            |    27 |       ||    27
       Rapier            |    63 |    31 ||    94
       Punch             |     4 |       ||     4
  Use: Scroll            |     4 |     7 ||    11
       Potion            |       |     1 ||     1
Armor: Skin              |    41 |     4 ||    45
Dodge: Dodged            |    46 |     5 ||    51
